 Dungeon Crawl Stone Soup version 0.29-a0-243-g602b31c20e (webtiles) character file.

Game seed: 11491868631304506040

40 sammy202020 the Cudgeller (level 3, -1/31 HPs)
             Began as a Palentonga Berserker on Mar 5, 2022.
             Was a Follower of Trog.
             Slain by an iguana (5 damage)
             ... on level 3 of the Dungeon.
             The game lasted 00:03:03 (1559 turns).

sammy202020 the Cudgeller (Palentonga Berserker)    Turns: 1559, Time: 00:03:04

Health: -1/31      AC:  8    Str: 20    XL:     3   Next: 30%
Magic:  3/3        EV:  5    Int:  9    God:    Trog [*.....]
Gold:   36         SH:  3    Dex:  9    Spells: 2/2 levels left

rFire   . . .      SeeInvis +   a - +0 mace
rCold   . . .      Faith    .   d - +0 buckler
rNeg    . . .      Spirit   .   k - +0 chain mail
rPois   .          Reflect  .   (no helmet)
rElec   .          Harm     .   (no cloak)
rCorr   .          Rampage  .   h - +0 pair of gloves
Will    .....                   (no barding)
Stlth   ..........              (no amulet)
HPRegen 0.10/turn               (no ring)
MPRegen 0.08/turn               (no ring)

@: no status effects
A: large, rugged brown scales 3, see invisible, deformed body, roll 1, armoured
tail
a: Rolling Charge, Renounce Religion, Berserk


You were on level 3 of the Dungeon.
You worshipped Trog.
Trog was aware of your devotion.
You visited 1 branch of the dungeon, and saw 3 of its levels.

You collected 36 gold pieces.

Inventory:

Hand Weapons
 a - a +0 mace (weapon)
Armour
 d - a +0 buckler (worn)
 h - a +0 pair of gloves (worn)
 k - a +0 chain mail (worn)
Scrolls
 c - 3 scrolls of identify {unknown}
 f - a scroll of fear {unknown}
 g - a scroll of fog {unknown}
 i - a scroll of immolation {unknown}
Potions
 b - a potion of invisibility {unknown}
 e - a potion of brilliance {unknown}
 j - a potion of degeneration {unknown}
 l - a potion of might {unknown}
 m - a potion of mutation {unknown}


   Skills:
 * Level 3.3 Fighting
 * Level 3.4 Maces & Flails
 * Level 2.0 Armour
 * Level 1.9 Dodging
 + Level 0.3 Shields


You had 2 spell levels left.
You didn't know any spells.
Your spell library was empty.

Dungeon Overview and Level Annotations

Branches:
Dungeon (3/15)

Altars:

Shops:
D:1 [


Innate Abilities, Weirdness & Mutations

You are completely covered in rugged brown scales. (AC +3, +7% HP)
You have supernaturally acute eyesight. (SInv)
Armour fits poorly on your strangely shaped body.
You can roll at nearby foes to attack.
You have a long armoured tail.


Message History

You hear an angry hiss.
The giant cockroach bites you but does no damage.
You sock the giant cockroach!
You kill the giant cockroach!
Trog accepts your kill.
An endoplasm comes into view.
A bat comes into view.
You hit the endoplasm.
The endoplasm is heavily wounded.
The endoplasm freezes you.
You are frozen.
The endoplasm hits you but does no damage.
You sock the endoplasm!
You kill the endoplasm!
Trog accepts your kill. The bat closely misses you.
The bat hits you but does no damage.
The bat enters a dispersal trap!
You blink.
The bat blinks!
You barely miss the iguana. The bat hits you but does no damage.
The iguana bites you!
You hit the iguana.
The iguana is moderately wounded.
The bat hits you but does no damage. The iguana bites you.
You are too injured to fight recklessly!
You are too injured to fight recklessly!
You are too injured to fight recklessly!
You are too injured to fight recklessly!
You are too injured to fight recklessly!
You are too injured to fight recklessly!
You hit the iguana but do no damage.
Your tail-slap misses the iguana.
The iguana is moderately wounded.
The bat closely misses you. The iguana bites you!
* * * LOW HITPOINT WARNING * * *
You block the iguana's attack.
You hit the iguana.
Your tail-slap misses the iguana.
The iguana is heavily wounded.
The bat hits you.
* * * LOW HITPOINT WARNING * * *
The iguana bites you.
You die...

..... ....
.... ...
######.####
..........##
..........b##
............#
..........@.#
.......^..l.#
............#
............#
............#
...........##
...##.....##
(.....#.##
###...


You could see an iguana and a bat.

Vanquished Creatures
  2 adders (D:2)
  6 ball pythons
  2 bats
  An endoplasm (D:3)
  A giant cockroach (D:3)
  2 goblins (D:2)
  3 hobgoblins (D:1)
  A kobold (D:2)
  A quokka (D:2)
  2 frilled lizards (D:2)
  A rat (D:1)
22 creatures vanquished.

Vanquished Creatures (others)
  A fungus (D:2)
1 creature vanquished.

Grand Total: 23 creatures vanquished

Notes
Turn   | Place    | Note
-------+----------+-------------------------------------------
     0 | D:1      | sammy202020 the Palentonga Berserker began the quest for
                  | the Orb.
     0 | D:1      | Reached XP level 1. HP: 19/19 MP: 1/1
    94 | D:1      | Found Jecaej's Armour Boutique.
   522 | D:2      | Reached XP level 2. HP: 16/25 MP: 2/2
   909 | D:2      | Reached XP level 3. HP: 27/31 MP: 3/3
  1559 | D:3      | Slain by an iguana

Illustrated notes

Levels and vault maps discovered:
D:1:      lemuel_arrival_tunnels, layout_basic, serial_shops,
          nicolae_shop_advertising_works [nicolae_subvault_shop_adworks],
          basic_ecumenical_altar, grunt_decor_clamped
D:2:      layout_loops_corners, minmay_shallow_snake_nest
D:3:      layout_rooms, grunt_temple_overflow_open, serial_shops, shop,
          nicolae_shop_temple_entry_statues_fountains, shop_statue,
          minmay_quantized, uniq_ijyb

Skill      XL: |  1  2 |
---------------+-------+-----
Armour         | 2 |  2.0
Fighting       | |  3.3
Maces & Flails | |  3.4
Dodging        | |  1.9
Shields        | |  0.3

Action                   || total
-------------------------++-------
Melee: Mace              ||    76
       Tailslap          ||     3
 Abil: Rolling Charge    ||     7
Armor: Animal skin       ||    20
       Chain mail        ||    15
Dodge: Dodged            ||    35
Block: Buckler           ||    12

Table legend: (Time is in decaauts)
 A = Elapsed time spent in this place.
 B = Non-inter-level travel time spent in this place.
 C = Inter-level travel time spent in this place.
 D = Time resting spent in this place.
 E = Time spent auto-exploring this place.
 F = Levels seen in this place.
 G = Mean time per level.
                   A        B        C        D        E       F      G
               +--------+--------+--------+--------+--------+-----+--------+
         Total |   1578 |   1527 |     51 |      0 |   1250 |   3 |  526.0 |
       Dungeon |   1578 |   1527 |     51 |      0 |   1250 |   3 |  526.0 |
               +--------+--------+--------+--------+--------+-----+--------+

Top non-repeatable levels by time:
     D:2: 1095 daAuts
     D:1: 468 daAuts
     D:3: 14 daAuts
